 Dungeon Crawl Stone Soup version 0.30-a0-862-g1aabd4f9c5 (webtiles) character file.

Game seed: 8619997769646483301

2290 cforsyth the Thaumaturge (level 9, -2/45 HPs)
             Began as a Deep Elf Earth Elementalist on Mar 9, 2023.
             Was an Initiate of Vehumet.
             Shot with a sling bullet by Joseph (18 damage)
             ... on level 7 of the Dungeon.
             The game lasted 00:08:05 (5876 turns).

cforsyth the Thaumaturge (DEEE)                     Turns: 5876, Time: 00:08:05

Health: -2/45      AC:  7    Str:  5    XL:     9   Next: 17%
Magic:  33/35      EV: 13    Int: 28    God:    Vehumet [......]
Gold:   340        SH:  0    Dex: 21    Spells: 30/31 levels left

rFire   + . .      SeeInvis .    (no weapon)
rCold   . . .      Faith    .    (no shield)
rNeg    . . .      Spirit   .    w - +2 robe "Tawig" {Rampage rF+ Int+3}
rPois   .          Reflect  .    x - +1 helmet
rElec   .          Rampage  +    (no cloak)
rCorr   .                        e - +0 pair of gloves
Will    .....                    (no boots)
Stlth   ++                       (no amulet)
HPRegen 0.27/turn                o - +6 ring of dexterity
MPRegen 0.24/turn                u - ring of magical power

@: no status effects
A: no striking features
a: Renounce Religion


You were on level 7 of the Dungeon.
You worshipped Vehumet.
Vehumet was noncommittal.
You visited 2 branches of the dungeon, and saw 8 of its levels.

You collected 340 gold pieces.

Inventory:

Missiles
 C - a throwing net
Armour
 a - a +0 robe
 e - a +0 pair of gloves (worn)
 n - a +0 troll leather armour {Pargi}
 w - the +2 robe "Tawig" (worn) {Rampage rF+ Int+3}
   (You found it on level 4 of the Dungeon)

   Int:       It affects your intelligence (+3).
   rF:        It protects you from fire.
   Rampage:   It bestows one free step when moving towards enemies.
 x - a +1 helmet (worn)
Jewellery
 o - a +6 ring of dexterity (left hand)
 u - a ring of magical power (right hand)
Wands
 d - a wand of charming (11)
 v - a wand of mindburst (15)
 y - a wand of acid (8)
 A - a wand of iceblast (6)
 D - a wand of flame (14)
Scrolls
 c - a scroll of teleportation
 h - a scroll of acquirement {unknown}
 l - 2 scrolls of magic mapping {unknown}
 m - 2 scrolls of enchant armour
 p - 2 scrolls of enchant weapon {unknown}
 B - a scroll of amnesia
Potions
 b - 2 potions of magic
 f - a potion of brilliance {unknown}
 g - 3 potions of might
 i - a potion of ambrosia
 j - a potion of flight
 k - a potion of attraction
 q - 2 potions of berserk rage
 r - a potion of lignification
 s - 3 potions of haste
 t - 3 potions of heal wounds
 z - a potion of resistance {unknown}


   Skills:
 - Level 2.4 Dodging
 - Level 2.4 Stealth
 + Level 11.6 Spellcasting
 - Level 1.1 Transmutations
 + Level 10.1 Earth Magic


You had 30 spell levels left.
You knew the following spells:

 Your Spells              Type           Power      Damage    Failure   Level
a - Sandblast             Erth           100%       2d20      1%          1

Your spell library contained the following spells:

 Spells                   Type           Power      Damage    Failure   Level
 Passwall                 Tmut/Erth      39%        N/A       1%          2
 Stone Arrow              Conj/Erth      88%        3d12      1%          3
 Foxfire                  Conj/Fire      64%        2x1d7     3%          1
 Slow                     Hex            64%        N/A       3%          1
 Petrify                  Tmut/Erth      47%        N/A       3%          4
 Confusing Touch          Hex            16%        N/A       11%         3
 Dazzling Flash           Conj/Hex       32%        N/A       11%         3
 Gell's Gravitas          Tloc           16%        N/A       11%         3
 Teleport Other           Tloc           16%        N/A       11%         3
 Vampiric Draining        Necr           16%        2d7       11%         3
 Iron Shot                Conj/Erth      22%        9d5       54%         6
 Agony                    Necr           16%        N/A       67%         5
 Fireball                 Conj/Fire      8%         3d6       67%         5
 Iskenderun's Battlesphe  Conj           16%        2d7       67%         5
 Silence                  Hex/Air        8%         N/A       67%         5
 Dispersal                Tloc           8%         N/A       99%         6
 Starburst                Conj/Fire      8%         6d4       99%         6
 Spellforged Servitor     Conj/Summ      8%         N/A       100%        7


Dungeon Overview and Level Annotations

Branches:
Dungeon (7/15)             Temple (1/1) D:7

Altars:
Ashenzari
Cheibriados
Dithmenos
Fedhas
Gozag
Hepliaklqana
Makhleb
Nemelex Xobeh
Okawaru
Qazlal
Sif Muna
Uskayaw
Vehumet
Wu Jian
Xom
Yredelemnul
The Shining One

Annotations:
D:7 Joseph


Message History

The blast of sand hits the gnoll!
You kill the gnoll!
Vehumet accepts your kill.
You can't see any susceptible monsters within range! (Use Z to cast anyway.)
You can't see any susceptible monsters within range! (Use Z to cast anyway.) Magic restored.
You now have 321 gold pieces (gained 6).
You see here a +0 morningstar.
B - a scroll of amnesia You now have 340 gold pieces (gained 19).
Things that are here:
a +0 trident; a +0 ring mail
C - a throwing net
Things that are here:
a +0 whip; a gnoll corpse You see here a +0 dagger.
D - a scroll of identify
As you read the scroll of identify, it crumbles to dust.
t - 3 potions of heal wounds You see here 7 stones.
Found an escape hatch in the ceiling.
D - a wand of flame (14) Joseph, a Mercenary comes into view.
He is wielding a +0 quarterstaff.
The blast of sand hits Joseph!
Joseph is moderately wounded.
Joseph unwields a +0 quarterstaff.
Joseph wields a +0 sling.
Joseph shoots a sling bullet.
The sling bullet hits you!!
The blast of sand hits Joseph!!
Joseph is heavily wounded.
Joseph shoots a sling bullet.
The sling bullet hits you!
You are too injured to fight recklessly!
Casting: Sandblast (safe; 1% risk of failure)
Confirm with . or Enter, or press ? or * to list all spells.
Aiming: Sandblast (safe; 1% risk of failure)
Press: ? - help, Shift-Dir - straight line, f/p - Joseph
Aim: Joseph, wielding a +0 sling and wearing a +0 ring mail (heavily wounded, 87% to hit)
The blast of sand hits Joseph!
Joseph is severely wounded.
Joseph shoots a sling bullet.
The sling bullet hits you!!
You die...

##### #...#
##.#.##
#.@#..####
#.#.#....#
#.@#.#..#.#
#.##.##.#.##
♣♣ ..
##.#....##
♣♣.♣♣ #.#
###.#..#
♣...♣♣ ..
#....#
♣..P.♣ #.#
##...#
#....#
#...###....#


You could see Joseph.

Vanquished Creatures
  Maggie (D:7)
  2 steam dragons (D:7)
  Menkaure (D:7)
  A water moccasin (D:7)
  2 sky beasts
  A black bear (D:7)
  Pargi (D:3)
  An ogre (D:6)
  2 phantoms
  3 scorpions
  A gnoll sergeant (D:7)
  2 jellies (D:6)
  2 orc priests
  2 hounds (D:5)
  A sleepcap (D:6)
  Jessica (D:3)
  2 iguanas
  8 orc wizards
  Robin (D:2)
  5 adders
  3 gnolls (D:7)
  A shadow imp (D:7)
  A white imp (D:6)
  A worm (D:4)
  2 dart slugs
  19 orcs
  4 ball pythons
  10 endoplasms
  4 giant cockroaches
  11 goblins
  13 hobgoblins
  6 jackals (D:4)
  2 quokkas (D:2)
  4 bats
  A frilled lizard (D:3)
  5 kobolds
  A rat (D:1)
128 creatures vanquished.

Vanquished Creatures (others)
  5 plants (D:7)
5 creatures vanquished.

Grand Total: 133 creatures vanquished

Notes
Turn   | Place    | Note
-------+----------+-------------------------------------------
     0 | D:1      | cforsyth the Deep Elf Earth Elementalist began the quest
                  | for the Orb.
     0 | D:1      | Reached XP level 1. HP: 10/10 MP: 6/6
   117 | D:1      | Reached XP level 2. HP: 15/15 MP: 4/8
   363 | D:1      | Found a faded altar of an unknown god.
   484 | D:1      | Reached skill level 4 in Spellcasting
   563 | D:1      | Reached XP level 3. HP: 19/19 MP: 3/10
  1101 | D:2      | Noticed Robin
  1137 | D:2      | Killed Robin
  1684 | D:3      | Reached XP level 4. HP: 24/24 MP: 10/12
  1721 | D:3      | Noticed Pargi
  1726 | D:3      | Killed Pargi
  1727 | D:3      | Reached skill level 5 in Spellcasting
  1727 | D:3      | Reached skill level 5 in Earth Magic
  1727 | D:3      | Reached XP level 5. HP: 20/28 MP: 10/15
  1765 | D:3      | Found an iron altar of Okawaru.
  1819 | D:3      | Found a burning altar of Makhleb.
  1819 | D:3      | Noticed a balrug
  1822 | D:3      | Noticed a neqoxec
  1822 | D:3      | Noticed an orange demon
  1911 | D:3      | You fall into a shaft and drop 2 floors!
  1911 | D:5      | Entered Level 5 of the Dungeon
  1924 | D:5      | Reached skill level 6 in Spellcasting
  2506 | D:5      | Found a shimmering blue altar of Sif Muna.
  2511 | D:5      | Reached XP level 6. HP: 32/32 MP: 14/17
  2714 | D:4      | Reached skill level 7 in Spellcasting
  2936 | D:4      | Reached XP level 7. HP: 30/36 MP: 16/20
  3086 | D:3      | Noticed Jessica
  3089 | D:3      | Killed Jessica
  3222 | D:3      | Reached skill level 8 in Spellcasting
  3593 | D:4      | Identified the +2 robe "Tawig" {Rampage rF+ Int+3}
  4436 | D:6      | Reached skill level 9 in Spellcasting
  4509 | D:6      | Reached XP level 8. HP: 41/41 MP: 23/23
  4572 | D:6      | Found a sparkling altar of Nemelex Xobeh.
  4805 | D:6      | Found an ornate altar of the Wu Jian Council.
  5234 | D:7      | Found a staircase to the Ecumenical Temple.
  5240 | Temple   | Entered the Ecumenical Temple
  5435 | Temple   | Became a worshipper of Vehumet
  5476 | D:7      | Found a shadowy altar of Dithmenos.
  5480 | D:7      | Noticed Maggie
  5489 | D:7      | Killed Maggie
  5490 | D:7      | Reached skill level 10 in Spellcasting
  5643 | D:7      | Noticed Menkaure
  5645 | D:7      | Killed Menkaure
  5651 | D:7      | Reached skill level 11 in Spellcasting
  5662 | D:7      | Reached XP level 9. HP: 18/45 MP: 26/26
  5732 | D:7      | Reached skill level 10 in Earth Magic
  5873 | D:7      | Noticed Joseph
  5876 | D:7      | Shot with a sling bullet by Joseph

Illustrated notes

Levels and vault maps discovered:
D:1:      lightli_arrival_quake, layout_rooms,
          shapermc_ecumenical_altar_mp_ritualfount
D:2:      layout_basic, kennysheep_generic_room_16, uniq_robin
D:3:      layout_basic, mainiacjoe_overflow_boulevard,
          makhleb_altar_promises_db, minmay_misc_feat_chi, uniq_pargi,
          uniq_jessica
D:4:      layout_basic
D:5:      layout_loops_corners, kennysheep_orc_sif_temple, chequers_mini_garden
D:6:      layout_cave_pods, nemelex_spade_bored_becter,
          nicolae_wu_jian_immortal_techniques
D:7:      minmay_the_grid_four_pointed_star
          [minmay_the_grid_triangle_9x9_corruption,
          minmay_the_grid_triangle_9x9_checkered,
          minmay_the_grid_triangle_9x9_semitri,
          minmay_the_grid_triangle_9x9_flanged_cone,
          minmay_the_grid_prize_inner_circle], layout_rooms,
          grunt_dithmenos_smoke, minmay_temple_entry_gardened_gates,
          minmay_mini_ossuary, uniq_crazy_yiuf_cottage, uniq_menkaure,
          uniq_maggie, uniq_joseph, uniq_duvessa, uniq_prince_ribbit1
Temple:   grunt_temple_mini_profane

Skill      XL: |  1  2  3  4  5  6  7  8  9 |
---------------+----------------------------+-----
Spellcasting   | 4 5 6 7 9 11 | 11.6
Earth Magic    | 4 5 6 7 9 10 | 10.1
Dodging        | |  2.4
Stealth        | |  2.4
Transmutations | |  1.1

Action                     |  1- 3 |  4- 6 |  7- 9 || total
---------------------------+-------+-------+-------++-------
  Melee: Unarmed           |       |     1 |       ||     1
   Cast: Sandblast         |    58 |    60 |    87 ||   205
    Use: Scroll            |       |       |    12 ||    12
 Armour: Robe              |     6 |     1 |     5 ||    12
         Troll leather arm |       |     6 |       ||     6
  Dodge: Dodged            |    13 |    15 |    18 ||    46

Table legend: (Time is in decaauts)
 A = Elapsed time spent in this place.
 B = Non-inter-level travel time spent in this place.
 C = Inter-level travel time spent in this place.
 D = Time resting spent in this place.
 E = Time spent auto-exploring this place.
 F = Levels seen in this place.
 G = Mean time per level.
                   A        B        C        D        E       F      G
               +--------+--------+--------+--------+--------+-----+--------+
         Total |   5983 |   5457 |    526 |    116 |   4569 |   8 |  747.9 |
       Dungeon |   5758 |   5261 |    497 |    116 |   4400 |   7 |  822.6 |
        Temple |    224 |    195 |     29 |      0 |    169 |   1 |  224.0 |
               +--------+--------+--------+--------+--------+-----+--------+

Top non-repeatable levels by time:
     D:6: 1062 daAuts
     D:5: 964 daAuts
     D:2: 952 daAuts
     D:4: 944 daAuts
     D:1: 760 daAuts
     D:3: 636 daAuts
     D:7: 437 daAuts
  Temple: 224 daAuts
